EVO
UNIVERSITY OF SOUTH CAROLINA GAMECOCKS @ STANFORD UNIVERSITY CARDINAL
12/01/2044
 
TOP OF THE 1ST
University of South Carolina Gamecocks batting - Pitching for Stanford University Cardinal : RHP Kunihiro Sasaki
Pitching: RHP Kunihiro Sasaki
Batting: RHB Kevin Popowicz 0-0: Ball
1-0: Ball
2-0: Foul Ball, location: 2F
2-1: Foul Ball, location: 2F
2-2: Fly out, F6 (Line Drive, 6, EV 73.8 MPH)
Batting: RHB Kevin Harris 0-0: Ball
1-0: Called Strike
1-1: Ball
2-1: Fly out, F8 (Flyball, 89M, EV 80.6 MPH)
Batting: RHB Enrique Gomez 0-0: Ball
1-0: SINGLE (Groundball, 6D, EV 103.1 MPH)
Batting: RHB Dave Perron 0-0: Called Strike
0-1: Called Strike
0-2: Strikes out looking
Top of the 1st over - 0 runs, 1 hit, 0 errors, 1 left on base; University of South Carolina 0 - Stanford University 0
BOTTOM OF THE 1ST
Stanford University Cardinal batting - Pitching for University of South Carolina Gamecocks : RHP Mark Frizzell
Pitching: RHP Mark Frizzell
Batting: SHB Robert Santiago 0-0: Ball
1-0: Ball
2-0: Called Strike
2-1: Called Strike
2-2: Foul Ball, location: 2F
2-2: DOUBLE (Groundball, 3L, EV 105.0 MPH)
Batting: SHB Justin Corbett 0-0: Foul Ball, location: 2F
0-1: Swinging Strike
0-2: Strikes out swinging
Batting: LHB Justin O'Neal 0-0: Called Strike
0-1: Ball
1-1: Ground out 1-3 (Groundball, 13S, EV 63.1 MPH)
Robert Santiago to third
Batting: RHB Ricky Mejicanos 0-0: Ball
1-0: Called Strike
1-1: Called Strike
1-2: Foul Ball, location: 2F
1-2: Strikes out swinging
Bottom of the 1st over - 0 runs, 1 hit, 0 errors, 1 left on base; University of South Carolina 0 - Stanford University 0
TOP OF THE 2ND
University of South Carolina Gamecocks batting - Pitching for Stanford University Cardinal : RHP Kunihiro Sasaki
Batting: LHB Adam Hill 0-0: Called Strike
0-1: Foul Ball, location: 2F
0-2: Ball
1-2: Fly out, F8 (Flyball, 8RS, EV 95.6 MPH)
Batting: RHB Mike McElroy 0-0: Foul Ball, location: 2F
0-1: Ball
1-1: Ground out 6-3 (Groundball, 6, EV 81.2 MPH)
Batting: SHB Isaiah Scates 0-0: Ball
1-0: Ball
2-0: Called Strike
2-1: Swinging Strike
2-2: Foul Ball, location: 2F
2-2: Foul Ball, location: 2F
2-2: Ball
3-2: SINGLE (Line Drive, 6MD, EV 104.4 MPH)
Batting: RHB Yoshitoshi Mori 0-0: Ball
1-0: Called Strike
1-1: Swinging Strike
1-2: Ball
2-2: Ball
3-2: Strikes out swinging
Top of the 2nd over - 0 runs, 1 hit, 0 errors, 1 left on base; University of South Carolina 0 - Stanford University 0
BOTTOM OF THE 2ND
Stanford University Cardinal batting - Pitching for University of South Carolina Gamecocks : RHP Mark Frizzell
Batting: SHB Justin Houser 0-0: Ball
1-0: SINGLE (Line Drive, 9S, EV 88.1 MPH)
Batting: RHB Josh Asch 0-0: SINGLE (Line Drive, 8LS, EV 98.8 MPH)
Justin Houser to second
Batting: RHB Mike Bell 0-0: Ball
1-0: Foul Ball, location: 2F
1-1: Ball
2-1: Foul Ball, location: 2F
2-2: Ball
3-2: Base on Balls
Justin Houser to third
Josh Asch to second
Batting: RHB Joe Sandoval 0-0: Swinging Strike
0-1: Ball
1-1: Foul Ball, location: 2F
1-2: Strikes out looking
Batting: LHB Jim Jardine 0-0: Swinging Strike
0-1: Foul Ball, location: 2F
0-2: Strikes out swinging
Batting: SHB Robert Santiago 0-0: Ball
1-0: Swinging Strike
1-1: Called Strike
1-2: Strikes out swinging
Bottom of the 2nd over - 0 runs, 2 hits, 0 errors, 3 left on base; University of South Carolina 0 - Stanford University 0
TOP OF THE 3RD
University of South Carolina Gamecocks batting - Pitching for Stanford University Cardinal : RHP Kunihiro Sasaki
Batting: RHB Chris Arroyo 0-0: Ball
1-0: Ball
2-0: Ball
3-0: Called Strike
3-1: Foul Ball, location: 2F
3-2: Foul Ball, location: 2F
3-2: Ground out 6-3 (Groundball, 6S, EV 82.5 MPH)
Batting: RHB Kevin Popowicz 0-0: Called Strike
0-1: Ball
1-1: Ball
2-1: Foul Ball, location: 2F
2-2: Ball
3-2: Fly out, F9 (Flyball, 89S, EV 91.9 MPH)
Batting: RHB Kevin Harris 0-0: Ball
1-0: Ball
2-0: Fly out, F6 (Popup, 6MD, EV 45.6 MPH)
Top of the 3rd over - 0 runs, 0 hits, 0 errors, 0 left on base; University of South Carolina 0 - Stanford University 0
BOTTOM OF THE 3RD
Stanford University Cardinal batting - Pitching for University of South Carolina Gamecocks : RHP Mark Frizzell
Batting: SHB Justin Corbett 0-0: Called Strike
0-1: Called Strike
0-2: Ball
1-2: Strikes out swinging
Batting: LHB Justin O'Neal 0-0: Called Strike
0-1: Fly out, F8 (Flyball, 8LXD, EV 96.2 MPH)
Batting: RHB Ricky Mejicanos 0-0: Ball
1-0: SOLO HOME RUN (Flyball, 7D, EV 106.9 MPH), Distance : 392 ft
Batting: SHB Justin Houser 0-0: Called Strike
0-1: Foul Ball, location: 2F
0-2: Fly out, F5 (Popup, 25, EV 81.2 MPH)
Bottom of the 3rd over - 1 run, 1 hit, 0 errors, 0 left on base; University of South Carolina 0 - Stanford University 1
TOP OF THE 4TH
University of South Carolina Gamecocks batting - Pitching for Stanford University Cardinal : RHP Kunihiro Sasaki
Batting: RHB Enrique Gomez 0-0: SINGLE (Line Drive, 34D, EV 96.9 MPH)
Batting: RHB Dave Perron 0-0: Swinging Strike
0-1: Ball
1-1: Ball
2-1: Ball
3-1: Called Strike
3-2: Base on Balls
Enrique Gomez to second
Batting: LHB Adam Hill 0-0: Ball
1-0: Swinging Strike
1-1: Ball
2-1: Foul Ball, location: 2F
2-2: SINGLE (Line Drive, 7S, EV 95.0 MPH)
Enrique Gomez to third
Dave Perron to second
Batting: RHB Mike McElroy 0-0: Ball
1-0: Ball
2-0: Fly out, F7 (Flyball, 78S, EV 90.6 MPH)
Batting: SHB Isaiah Scates 0-0: Ball
1-0: Ball
2-0: Called Strike
2-1: Foul Ball, location: 2F
2-2: Strikes out swinging
Batting: RHB Yoshitoshi Mori 0-0: Called Strike
0-1: Called Strike
0-2: Strikes out swinging
Top of the 4th over - 0 runs, 2 hits, 0 errors, 3 left on base; University of South Carolina 0 - Stanford University 1
BOTTOM OF THE 4TH
Stanford University Cardinal batting - Pitching for University of South Carolina Gamecocks : RHP Mark Frizzell
Batting: RHB Josh Asch 0-0: Foul Ball, location: 2F
0-1: Ball
1-1: Foul Ball, location: 2F
1-2: Foul Ball, location: 2F
1-2: Strikes out looking
Batting: RHB Mike Bell 0-0: Called Strike
0-1: Foul Ball, location: 2F
0-2: Ball
1-2: Ball
2-2: Fly out, F8 (Flyball, 8LS, EV 74.4 MPH)
Batting: RHB Joe Sandoval 0-0: Fly out, F7 (Flyball, 7D, EV 83.1 MPH)
Bottom of the 4th over - 0 runs, 0 hits, 0 errors, 0 left on base; University of South Carolina 0 - Stanford University 1
TOP OF THE 5TH
University of South Carolina Gamecocks batting - Pitching for Stanford University Cardinal : RHP Kunihiro Sasaki
Batting: RHB Chris Arroyo 0-0: Ball
1-0: Ball
2-0: Foul Ball, location: 2F
2-1: Fly out, F4 (Popup, 34D, EV 57.5 MPH)
Pitching: RHP Manny de la Cruz
Batting: RHB Kevin Popowicz 0-0: Foul Ball, location: 2F
0-1: Ball
1-1: Foul Ball, location: 2F
1-2: Ball
2-2: Ball
3-2: SINGLE (Flyball, 7S, EV 91.2 MPH)
Batting: RHB Kevin Harris 0-0: Called Strike
0-1: Ball
1-1: Foul Ball, location: 2F
1-2: Foul Ball, location: 2F
1-2: Ball
2-2: Ball
3-2: Strikes out swinging
Kevin Popowicz steals 2nd base
Batter strikes out.
Pinch Hitting: RHB Jake Geib 0-0: Foul Ball, location: 2F
0-1: Called Strike
0-2: Ball
1-2: Ball
2-2: Foul Ball, location: 2F
2-2: Ground out 6-3 (Groundball, 6, EV 105.0 MPH)
Top of the 5th over - 0 runs, 1 hit, 0 errors, 1 left on base; University of South Carolina 0 - Stanford University 1
BOTTOM OF THE 5TH
Stanford University Cardinal batting - Pitching for University of South Carolina Gamecocks : RHP Mark Frizzell
Now in CF: Jake Geib
Batting: LHB Jim Jardine 0-0: Ball
1-0: Ball
2-0: Ball
3-0: Base on Balls
Batting: SHB Robert Santiago 0-0: Bunt - Flyout to P! F1
Batting: SHB Justin Corbett 0-0: Called Strike
0-1: Grounds into double play, 5-4-3 (Groundball, 56, EV 83.1 MPH)
Bottom of the 5th over - 0 runs, 0 hits, 0 errors, 0 left on base; University of South Carolina 0 - Stanford University 1
TOP OF THE 6TH
University of South Carolina Gamecocks batting - Pitching for Stanford University Cardinal : RHP Manny de la Cruz
Batting: RHB Dave Perron 0-0: Foul Ball, location: 2F
0-1: Ball
1-1: Called Strike
1-2: Ball
2-2: Foul Ball, location: 2F
2-2: Fly out, F8 (Line Drive, 8LD, EV 85.0 MPH)
Batting: LHB Adam Hill 0-0: Foul Ball, location: 2F
0-1: SOLO HOME RUN (Flyball, 9D, EV 99.4 MPH), Distance : 383 ft
Pitching: RHP Brian Waldrip
Batting: RHB Mike McElroy 0-0: Foul Ball, location: 2F
0-1: Ball
1-1: Called Strike
1-2: Ground out 5-3 (Groundball, 56S, EV 87.5 MPH)
Batting: SHB Isaiah Scates 0-0: Ball
1-0: Foul Ball, location: 2F
1-1: Ball
2-1: Called Strike
2-2: Fly out, F7 (Flyball, 7D, EV 82.5 MPH)
Top of the 6th over - 1 run, 1 hit, 0 errors, 0 left on base; University of South Carolina 1 - Stanford University 1
BOTTOM OF THE 6TH
Stanford University Cardinal batting - Pitching for University of South Carolina Gamecocks : RHP Mark Frizzell
Batting: LHB Justin O'Neal 0-0: Reached on error, E4 (Groundball, 4, EV 86.2 MPH)
Batting: RHB Ricky Mejicanos 0-0: Called Strike
0-1: Ball
1-1: Foul Ball, location: 2F
1-2: Ball
2-2: Ball
3-2: Fly out, F8 (Flyball, 8LD, EV 97.5 MPH)
Batting: SHB Justin Houser 0-0: Ball
Justin O'Neal is caught stealing 2nd base 2-6
1-0: Ball
2-0: Fly out, F3 (Popup, 3SF, EV 71.9 MPH)
Bottom of the 6th over - 0 runs, 0 hits, 1 error, 0 left on base; University of South Carolina 1 - Stanford University 1
TOP OF THE 7TH
University of South Carolina Gamecocks batting - Pitching for Stanford University Cardinal : RHP Brian Waldrip
Batting: RHB Yoshitoshi Mori 0-0: Called Strike
0-1: Called Strike
0-2: Fly out, F8 (Flyball, 78D, EV 90.6 MPH)
Batting: RHB Chris Arroyo 0-0: Swinging Strike
0-1: Foul Ball, location: 2F
0-2: Ground out 5-3 (Groundball, 56, EV 85.6 MPH)
Batting: RHB Kevin Popowicz 0-0: Ground out 6-3 (Groundball, 6S, EV 65.6 MPH)
Top of the 7th over - 0 runs, 0 hits, 0 errors, 0 left on base; University of South Carolina 1 - Stanford University 1
BOTTOM OF THE 7TH
Stanford University Cardinal batting - Pitching for University of South Carolina Gamecocks : RHP Mark Frizzell
Pitching: RHP George Crousse
Batting: RHB Josh Asch 0-0: Swinging Strike
0-1: Called Strike
0-2: Ball
1-2: Ground out 5-3 (Groundball, 56, EV 83.8 MPH)
Batting: RHB Mike Bell 0-0: Called Strike
0-1: Called Strike
0-2: SINGLE (Groundball, 6M, EV 98.8 MPH) (infield hit)
Batting: RHB Joe Sandoval 0-0: Called Strike
0-1: Fielders Choice at 2nd, 6-4 (Groundball, 6, EV 101.2 MPH)
Batting: LHB Jim Jardine 0-0: Swinging Strike
0-1: Called Strike
0-2: Ball
1-2: Foul Ball, location: 2F
1-2: Ball
2-2: Ball
3-2: Strikes out looking
Bottom of the 7th over - 0 runs, 1 hit, 0 errors, 1 left on base; University of South Carolina 1 - Stanford University 1
TOP OF THE 8TH
University of South Carolina Gamecocks batting - Pitching for Stanford University Cardinal : RHP Brian Waldrip
Batting: RHB Kevin Harris 0-0: Called Strike
0-1: Foul Ball, location: 2F
0-2: Ball
1-2: Ball
2-2: Foul Ball, location: 2F
2-2: Strikes out swinging
Batting: RHB Jake Geib 0-0: Foul Ball, location: 2F
0-1: Foul Ball, location: 2F
0-2: Strikes out looking
Batting: RHB Dave Perron 0-0: Ball
1-0: Called Strike
1-1: Ball
2-1: SINGLE (Line Drive, 8RS, EV 97.5 MPH)
Batting: LHB Adam Hill 0-0: Fly out, F8 (Flyball, 8LD, EV 98.8 MPH)
Top of the 8th over - 0 runs, 1 hit, 0 errors, 1 left on base; University of South Carolina 1 - Stanford University 1
BOTTOM OF THE 8TH
Stanford University Cardinal batting - Pitching for University of South Carolina Gamecocks : RHP George Crousse
Pitching: RHP Jose Rodriguez
Batting: SHB Robert Santiago 0-0: Swinging Strike
0-1: Ball
1-1: Called Strike
1-2: Strikes out swinging
Batting: SHB Justin Corbett 0-0: Called Strike
0-1: Foul Ball, location: 2F
0-2: Ball
1-2: Ball
2-2: Ground out U3 (Groundball, 34S, EV 89.4 MPH)
Batting: LHB Justin O'Neal 0-0: Ball
1-0: Called Strike
1-1: Foul Ball, location: 2F
1-2: Ball
2-2: Foul Ball, location: 2F
2-2: Strikes out looking
Bottom of the 8th over - 0 runs, 0 hits, 0 errors, 0 left on base; University of South Carolina 1 - Stanford University 1
TOP OF THE 9TH
University of South Carolina Gamecocks batting - Pitching for Stanford University Cardinal : RHP Brian Waldrip
Pitching: RHP Kevin Spencer
Batting: RHB Mike McElroy 0-0: Swinging Strike
0-1: Ball
1-1: Ball
2-1: Ball
3-1: Fly out, F8 (Flyball, 8RD, EV 98.8 MPH)
Batting: SHB Isaiah Scates 0-0: Foul Ball, location: 2F
0-1: Ball
1-1: Foul Ball, location: 2F
1-2: Strikes out looking
Pinch Hitting: SHB Willie Medina 0-0: Ball
1-0: Foul Ball, location: 2F
1-1: Ball
2-1: Fly out, F8 (Flyball, 8LD, EV 98.1 MPH)
Top of the 9th over - 0 runs, 0 hits, 0 errors, 0 left on base; University of South Carolina 1 - Stanford University 1
BOTTOM OF THE 9TH
Stanford University Cardinal batting - Pitching for University of South Carolina Gamecocks : RHP Jose Rodriguez
Pitching: RHP Javier Carrasco
Now at C: Tylor Cyr
Pinch Hitting: SHB Jason Larson 0-0: Ball
1-0: Called Strike
1-1: Called Strike
1-2: Fly out, F2 (Popup, 2LF, EV 89.4 MPH)
Batting: SHB Justin Houser 0-0: Foul Ball, location: 2F
0-1: Ball
1-1: Foul Ball, location: 2F
1-2: Strikes out swinging
Batting: RHB Josh Asch 0-0: Called Strike
0-1: Swinging Strike
0-2: Ball
1-2: Foul Ball, location: 2F
1-2: Foul Ball, location: 2F
1-2: Ball
2-2: Ball
3-2: DOUBLE (Groundball, 5L, EV 110.0 MPH)
Batting: RHB Mike Bell 0-0: Fly out, F3 (Popup, 3SF, EV 86.9 MPH)
Bottom of the 9th over - 0 runs, 1 hit, 0 errors, 1 left on base; University of South Carolina 1 - Stanford University 1
TOP OF THE 10TH
University of South Carolina Gamecocks batting - Pitching for Stanford University Cardinal : RHP Kevin Spencer
Now in LF: Jason Larson
Now in RF: Mike Bell
Batting: RHB Chris Arroyo 0-0: Ball
1-0: DOUBLE (Line Drive, 7LD, EV 108.8 MPH)
Batting: RHB Kevin Popowicz 0-0: Called Strike
0-1: Ball
1-1: Foul Ball, location: 2F
1-2: Foul Ball, location: 2F
1-2: Foul Ball, location: 2F
1-2: Ground out 6-3 (Groundball, 56D, EV 106.9 MPH)
Batting: RHB Kevin Harris 0-0: Intentional Walk
Pitching: RHP Phil Rankin
Batting: RHB Jake Geib 0-0: Ball
1-0: Ball
2-0: Ball
3-0: Base on Balls
Chris Arroyo to third
Kevin Harris to second
Batting: RHB Dave Perron 0-0: Fly out, F7 (Flyball, 7LD, EV 90.6 MPH)
Runner from 3rd tags up, SCORES, no throw by LF
Kevin Harris to third
Batting: LHB Adam Hill 0-0: Fielders Choice at 2nd, U4 (Groundball, 4M, EV 86.9 MPH)
Top of the 10th over - 1 run, 1 hit, 0 errors, 2 left on base; University of South Carolina 2 - Stanford University 1
BOTTOM OF THE 10TH
Stanford University Cardinal batting - Pitching for University of South Carolina Gamecocks : RHP Javier Carrasco
Pitching: RHP Jason Barber
Batting: RHB Joe Sandoval 0-0: Fly out, F7 (Flyball, 7, EV 78.8 MPH)
Batting: LHB Jim Jardine 0-0: Swinging Strike
0-1: Ball
1-1: Foul Ball, location: 2F
1-2: Fly out, F9 (Line Drive, 9D, EV 107.5 MPH)
Batting: SHB Robert Santiago 0-0: Swinging Strike
0-1: Swinging Strike
0-2: Foul Ball, location: 2F
0-2: Ball
1-2: Strikes out swinging
Bottom of the 10th over - 0 runs, 0 hits, 0 errors, 0 left on base; University of South Carolina 2 - Stanford University 1
Thursday, March 31st , 2022 - OOTP Baseball 22.12 Build 89